 Dungeon Crawl Stone Soup version 0.28.0-53-g5a82cb258f (webtiles) character file.

Game seed: 471108938519255319

205 Plasmagod the Ducker (level 5, -2/43 HPs)
             Began as a Gnoll Gladiator on July 20, 2022.
             Slain by a water moccasin skeleton (4 damage)
             ... on level 3 of the Dungeon.
             The game lasted 00:03:29 (2541 turns).

Plasmagod the Ducker (Gnoll Gladiator)              Turns: 2541, Time: 00:03:29

Health: -2/43      AC:  4    Str: 15    XL:     5   Next: 83%
Magic:  7/7        EV: 14    Int:  8    God:
Gold:   89         SH:  0    Dex: 13    Spells: 7/7 levels left

rFire   . . .      SeeInvis .   j - +2 dagger (vamp)
rCold   . . .      Faith    .   (no shield)
rNeg    . . .      Spirit   .   b - +0 leather armour
rPois   .          Reflect  .   c - +0 helmet
rElec   .          Harm     .   (no cloak)
rCorr   .          Rampage  .   (no gloves)
Will    .....                   (no boots)
Stlth   ++........              (no amulet)
HPRegen 0.14/turn               (no ring)
MPRegen 0.10/turn               (no ring)

@: no status effects
A: fangs 1, strong nose, distributed training
a: no special abilities


You were on level 3 of the Dungeon.
You visited 1 branch of the dungeon, and saw 3 of its levels.

You collected 89 gold pieces.

Inventory:

Hand Weapons
 a - a +0 quarterstaff
 j - a +2 vampiric dagger (weapon)
 p - a +0 hunting sling of freezing
Missiles
 d - 3 throwing nets (quivered)
 q - 40 sling bullets
Armour
 b - a +0 leather armour (worn)
 c - a +0 helmet (worn)
Jewellery
 e - a +6 ring of strength
 k - a ring of ice
 m - an amulet of the acrobat
Wands
 n - a wand of iceblast (6)
Scrolls
 f - 2 scrolls of teleportation {unknown}
 h - a scroll of blinking {unknown}
 i - a scroll of identify {unknown}
Potions
 g - 2 potions of lignification {unknown}
 l - a potion of curing {unknown}
 o - a potion of ambrosia {unknown}


   Skills:
 + Level 4.8 Fighting
 + Level 1.6 Short Blades
 + Level 1.6 Long Blades
 + Level 1.6 Axes
 + Level 1.6 Maces & Flails
 + Level 1.6 Polearms
 + Level 6.7 Staves
 + Level 1.6 Slings
 + Level 1.6 Bows
 + Level 1.6 Crossbows
 + Level 4.8 Throwing
 + Level 1.6 Armour
 + Level 6.7 Dodging
 + Level 1.6 Stealth
 + Level 1.6 Shields
 + Level 1.6 Unarmed Combat
 + Level 1.6 Spellcasting
 + Level 1.3 Conjurations
 + Level 1.3 Hexes
 + Level 1.3 Summonings
 + Level 1.3 Necromancy
 + Level 1.3 Translocations
 + Level 1.3 Transmutations
 + Level 1.3 Fire Magic
 + Level 1.3 Ice Magic
 + Level 1.3 Air Magic
 + Level 1.3 Earth Magic
 + Level 1.3 Poison Magic
 + Level 1.9 Invocations
 + Level 1.6 Evocations


You had 7 spell levels left.
You didn't know any spells.
Your spell library contained the following spells:

 Spells                   Type           Power      Damage    Failure   Level
 Magic Dart               Conj           8%         1d3       26%         1
 Call Imp                 Summ           2%         N/A       36%         2
 Mephitic Cloud           Conj/Pois/Air  2%         N/A       61%         3


Dungeon Overview and Level Annotations

Branches:
Dungeon (3/15)

Altars:
Makhleb


Innate Abilities, Weirdness & Mutations

You have very sharp teeth.
Your uncanny sense of smell can sniff out nearby items.
Your experience applies equally to all skills.


Message History

The jackal is severely wounded.
The jackal closely misses you. The jackal bites you.
* * * LOW HITPOINT WARNING * * *
You hit the jackal.
You kill the jackal!
The jackal bites you.
* * * LOW HITPOINT WARNING * * *
The jackal misses you.
The water moccasin skeleton barely misses you.
You hit the jackal but do no damage. The jackal closely misses you.
The water moccasin skeleton barely misses you.
You hit the jackal. Your bite misses the jackal.
The jackal is heavily wounded.
The jackal misses you.
The water moccasin skeleton barely misses you.
You barely miss the jackal. Your bite misses the jackal.
The jackal is heavily wounded.
The jackal bites you.
* * * LOW HITPOINT WARNING * * *
The water moccasin skeleton bites you but does no damage.
The jackal barely misses you.
You hit the jackal.
The jackal is severely wounded.
The water moccasin skeleton misses you. The jackal misses you.
You closely miss the jackal.
The jackal is severely wounded.
The water moccasin skeleton bites you.
* * * LOW HITPOINT WARNING * * *
The jackal completely misses you.
You hit the jackal.
You kill the jackal!
The water moccasin skeleton closely misses you.
You barely miss the water moccasin skeleton.
The water moccasin skeleton is heavily damaged.
The water moccasin skeleton bites you.
* * * LOW HITPOINT WARNING * * *
You hit the water moccasin skeleton.
The water moccasin skeleton is severely damaged.
The water moccasin skeleton bites you.
You die...

......###...#
#...# #.#.# ######
#...####...###.#.#
.................#
#..#####..####...#
..#####..####...#
....<...........#
..#####..####..##
#..# #..# #@.#
#..#
#.#####Z†####..#
......†........#
.......).####..#
#.######.# #..#
#.# ... .... #.#.


You could see a water moccasin skeleton.

Vanquished Creatures
  Sigmund (D:2)
  2 worms (D:2)
  3 dart slugs (D:1)
  2 ball pythons (D:1)
  4 bats
  5 endoplasms
  3 giant cockroaches
  6 hobgoblins
  3 jackals (D:3)
  2 quokkas
  A frilled lizard (D:1)
  3 goblins
  4 kobolds
  6 rats
45 creatures vanquished.

Vanquished Creatures (others)
  A plant (D:2)
1 creature vanquished.

Grand Total: 46 creatures vanquished

Notes
Turn   | Place    | Note
-------+----------+-------------------------------------------
     0 | D:1      | Plasmagod the Gnoll Gladiator began the quest for the Orb.
     0 | D:1      | Reached XP level 1. HP: 20/20 MP: 1/1
   218 | D:1      | Reached XP level 2. HP: 26/26 MP: 2/2
   793 | D:1      | Reached XP level 3. HP: 31/31 MP: 3/3
  1235 | D:2      | Reached skill level 1 in Invocations
  1427 | D:2      | Noticed Sigmund
  1458 | D:2      | Killed Sigmund
  1459 | D:2      | Reached skill level 1 in Short Blades
  1459 | D:2      | Reached skill level 1 in Long Blades
  1459 | D:2      | Reached skill level 1 in Axes
  1459 | D:2      | Reached skill level 1 in Maces & Flails
  1459 | D:2      | Reached skill level 1 in Polearms
  1459 | D:2      | Reached skill level 1 in Slings
  1459 | D:2      | Reached skill level 1 in Bows
  1459 | D:2      | Reached skill level 1 in Crossbows
  1459 | D:2      | Reached skill level 1 in Armour
  1459 | D:2      | Reached skill level 1 in Stealth
  1459 | D:2      | Reached skill level 1 in Shields
  1459 | D:2      | Reached skill level 1 in Unarmed Combat
  1459 | D:2      | Reached skill level 1 in Spellcasting
  1459 | D:2      | Reached skill level 1 in Conjurations
  1459 | D:2      | Reached skill level 1 in Hexes
  1459 | D:2      | Reached skill level 1 in Summonings
  1459 | D:2      | Reached skill level 1 in Necromancy
  1459 | D:2      | Reached skill level 1 in Translocations
  1459 | D:2      | Reached skill level 1 in Transmutations
  1459 | D:2      | Reached skill level 1 in Fire Magic
  1459 | D:2      | Reached skill level 1 in Ice Magic
  1459 | D:2      | Reached skill level 1 in Air Magic
  1459 | D:2      | Reached skill level 1 in Earth Magic
  1459 | D:2      | Reached skill level 1 in Poison Magic
  1459 | D:2      | Reached skill level 1 in Evocations
  1459 | D:2      | Reached XP level 4. HP: 21/38 MP: 4/6
  1459 | D:2      | Reached XP level 5. HP: 23/43 MP: 4/7
  1611 | D:2      | Found a faded altar of an unknown god.
  1621 | D:2      | Found a burning altar of Makhleb.
  2540 | D:3      | HP: 2/43 [water moccasin skeleton (3)]
  2541 | D:3      | Slain by a water moccasin skeleton

Illustrated notes

Levels and vault maps discovered:
D:1:      psy_arrival_spokes, layout_loops_corners, amcnicky_mini_pool_small,
          nrook_uturn, minmay_tromino_i4
D:2:      layout_basic, shapermc_ecumenical_altar_mp_ritualfount, basic_altar,
          uniq_sigmund
D:3:      layout_basic, pf_guarded_unrand_meek

Skill      XL: |  1  2  3 |
---------------+----------+-----
Invocations    | 1 |  1.9
Short Blades   | 1 |  1.6
Long Blades    | 1 |  1.6
Axes           | 1 |  1.6
Maces & Flails | 1 |  1.6
Polearms       | 1 |  1.6
Slings         | 1 |  1.6
Bows           | 1 |  1.6
Crossbows      | 1 |  1.6
Armour         | 1 |  1.6
Stealth        | 1 |  1.6
Shields        | 1 |  1.6
Unarmed Combat | 1 |  1.6
Spellcasting   | 1 |  1.6
Conjurations   | 1 |  1.3
Hexes          | 1 |  1.3
Summonings     | 1 |  1.3
Necromancy     | 1 |  1.3
Translocations | 1 |  1.3
Transmutations | 1 |  1.3
Fire Magic     | 1 |  1.3
Ice Magic      | 1 |  1.3
Air Magic      | 1 |  1.3
Earth Magic    | 1 |  1.3
Poison Magic   | 1 |  1.3
Evocations     | 1 |  1.6
Fighting       | |  4.8
Staves         | |  6.7
Throwing       | |  4.8
Dodging        | |  6.7

Action                   |  1- 3 |  4- 6 || total
-------------------------+-------+-------++-------
Melee: Quarterstaff      |    80 |       ||    80
       Bite              |    10 |     7 ||    17
       Dagger            |    42 |    59 ||   101
       Punch             |       |     1 ||     1
 Stab: Sleeping          |     1 |       ||     1
Armor: Leather armour    |    27 |    22 ||    49
Dodge: Dodged            |    67 |    87 ||   154
